 Dungeon Crawl Stone Soup version 0.25-a0-366-g516bc45ae0 (webtiles) character file.

Game seed: 18018260414050375094, levelgen mode: deterministic

123 DerDa the Shield-Bearer (level 5, -3/28 HPs)
             Began as a Vine Stalker Fighter on Jan 6, 2020.
             Slain by an orc priest
             ... wielding a +0 mace
              (6 damage)
             ... on level 3 of the Dungeon.
             The game lasted 00:05:34 (1988 turns).

DerDa the Shield-Bearer (Vine Stalker Fighter)      Turns: 1988, Time: 00:05:35

Health: -3/28      AC:  6    Str: 18    XL:     5   Next: 7%
Magic:  0/9        EV:  8    Int:  8    God:
Gold:   148        SH:  9    Dex: 15    Spells: 8/8 levels left

rFire    + + .     SeeInvis .   a - +0 long sword
rCold    + . .     Gourm    .   c - +0 shield
rNeg     . . .     Faith    .   b - +0 scale mail
rPois    .         Spirit   +   (no helmet)
rElec    .         Reflect  .   u - scarf {rC+ rF+}
rCorr    .         Harm     .   (no gloves)
MR       .....                  (no boots)
Stlth    ..........             (no amulet)
HPRegen  0.49/turn              j - ring of protection from fire
MPRegen  0.11/turn              (no ring)

@: no status effects
A: fangs 2, regeneration 1, magic shield, antimagic bite, no potion heal 3, rot
immunity
a: no special abilities


You were on level 3 of the Dungeon.
You were not hungry.

You visited 1 branch of the dungeon, and saw 3 of its levels.

You collected 148 gold pieces.

Inventory:

Hand Weapons
 a - a +0 long sword (weapon)
 n - a +0 hunting sling
Missiles
 l - 48 sling bullets
Armour
 b - a +0 scale mail (worn)
 c - a +0 shield (worn)
 u - a scarf of resistance (worn)
Jewellery
 j - a ring of protection from fire (left hand)
Wands
 s - a wand of iceblast (6)
Scrolls
 g - a scroll of magic mapping {unknown}
 h - 2 scrolls of identify {unknown}
 i - a scroll of remove curse
 m - a scroll of noise {unknown}
 o - a scroll of enchant weapon {unknown}
 q - 2 scrolls of fog {unknown}
Potions
 d - a potion of might
 e - 2 potions of lignification
 k - a potion of agility {unknown}
 r - a potion of curing
Comestibles
 f - 6 rations
 p - 3 chunks of flesh


   Skills:
 + Level 3.1 Fighting
 - Level 1.7 Long Blades
 + Level 2.7 Armour
 * Level 1.5 Dodging
 + Level 3.2 Shields
 * Level 2.4 Spellcasting


You had 8 spell levels left.
You didn't know any spells.
Your spell library was empty.

Dungeon Overview and Level Annotations

Branches:
Dungeon (3/15)

Altars:


Innate Abilities, Weirdness & Mutations

You have extremely sharp teeth.
Your natural rate of healing is unusually fast.
When hurt, damage is shared between your health and your magic reserves.
Your bite disrupts and absorbs the magic of your enemies.
Potions cannot restore your health.
You are immune to rotting.


Message History

The orc hits you with a +0 flail.
You hit the orc. You bite the orc, but do no damage.
The orc is heavily wounded.
The orc priest begins to cast a cantrip, but forgets the words!
You block the orc's attack.
The orc priest looks satisfied for a moment.
You hit the orc.
You kill the orc!
The orc priest invokes the aid of Beogh against you.
Pain shoots through your body!
The orc priest invokes the aid of Beogh against you.
Beogh smites you!
* * * LOW HITPOINT WARNING * * *
Things that are here:
a +0 flail; a +0 chain mail You barely miss the orc priest.
You bite the orc priest, but do no damage.
The orc priest is almost dead.
The orc priest hits you with a +0 mace!
You die...

#. #.# .## ## #... ..#
.#.# #.# ##.# #.##.#
##.## #.##.# ###
....####.##)#######K....
##....รท.........@ooo....
##.####..#.##.#########.
.........#.##.#
##.####..#.##.#
##.........##.#
.<.........##.#
##.####....##.#
##.........##.#
#######.......#


You could see an orc priest, 2 orcs and a kobold.

Vanquished Creatures
  2 adders
  2 oozes
  3 worms
  10 dart slugs
  2 leopard geckos (D:1)
  2 orcs (D:3)
  4 giant cockroaches
  8 goblins
  4 hobgoblins
  A quokka (D:3)
  3 ball pythons (D:3)
  12 bats
  3 frilled lizards
  6 kobolds
  A quokka skeleton (D:3)
  7 rats
70 creatures vanquished.

Notes
Turn   | Place    | Note
-------+----------+-------------------------------------------
     0 | D:1      | DerDa the Vine Stalker Fighter began the quest for the Orb.
     0 | D:1      | Reached XP level 1. HP: 11/11 MP: 2/2
   105 | D:1      | Reached XP level 2. HP: 12/16 MP: 2/4
   139 | D:1      | Reached skill level 1 in Spellcasting
   662 | D:1      | Reached XP level 3. HP: 16/19 MP: 4/6
   968 | D:2      | Reached skill level 1 in Dodging
  1355 | D:2      | Gained mutation: Your natural rate of healing is unusually
                  | fast. [Vine Stalker growth]
  1355 | D:2      | Reached XP level 4. HP: 10/24 MP: 4/8
  1820 | D:3      | Reached XP level 5. HP: 28/28 MP: 9/9
  1988 | D:3      | Slain by an orc priest

Levels and vault maps discovered:
D:1:      dpeg_arrival_rhombus, layout_basic
D:2:      layout_loops_cross, fountainhead, corexii_item_surrounded_by_moat
D:3:      kennysheep_slugbush, layout_loops_ring, minmay_cut_off

Skill      XL: |  1  2  3 |
---------------+----------+-----
Spellcasting   | 1 2 |  2.4
Shields        | 3 |  3.2
Dodging        | 1 |  1.5
Fighting       | 3 |  3.1
Long Blades    | |  1.7
Armour         | |  2.7

Action                   |  1- 3 |  4- 6 || total
-------------------------+-------+-------++-------
Melee: Long sword        |   141 |    91 ||   232
       Bite              |    38 |    36 ||    74
  Use: Potion            |       |     2 ||     2
       Scroll            |       |     1 ||     1
  Eat: Chunk             |     2 |     2 ||     4
Armor: Scale mail        |    70 |    49 ||   119
Dodge: Dodged            |    54 |    27 ||    81
Block: Shield            |    75 |    53 ||   128
       Rpst.: Long sword |    14 |     5 ||    19

Table legend:
 A = Non-vault XP
 B = Vault XP
 C = Vault XP percentage of total XP
 D = Non-vault monster count
 E = Vault monster count
 F = Vault count percentage of total count
                 A         B        C        D         E       F
            +---------+---------+-------+---------+---------+-------
      Total |     141 |      36 |  20.3 |      61 |       9 |  12.9
            +---------+---------+-------+---------+---------+-------
        D:1 |      38 |       0 |   0.0 |      22 |       0 |   0.0
        D:2 |      57 |       0 |   0.0 |      24 |       0 |   0.0
        D:3 |      46 |      36 |  43.9 |      15 |       9 |  37.5
            +---------+---------+-------+---------+---------+-------
